 Dungeon Crawl Stone Soup version 0.27.1-15-g792fb953b9 (webtiles) character file.

Game seed: 5464102791820711843

31 Araneus the Cudgeller (level 3, 0/29 HPs)
             Began as a Demonspawn Fighter on Nov 20, 2021.
             Slain by a jackal (2 damage)
             ... on level 2 of the Dungeon.
             The game lasted 00:01:52 (1150 turns).

Araneus the Cudgeller (Demonspawn Fighter)          Turns: 1150, Time: 00:01:52

Health: 0/29       AC:  6    Str: 17    XL:     3   Next: 7%
Magic:  3/3        EV:  6    Int:  9    God:
Gold:   4          SH:  8    Dex: 12    Spells: 2/2 levels left

rFire    . . .     SeeInvis .   a - +0 flail
rCold    . . .     Faith    .   c - +0 kite shield
rNeg     . . .     Spirit   .   b - +0 scale mail
rPois    .         Reflect  .   (no helmet)
rElec    .         Harm     .   (no cloak)
rCorr    .         Rampage  .   (no gloves)
Will     .....                  (no boots)
Stlth    ..........             (no amulet)
HPRegen  0.09/turn              (no ring)
MPRegen  0.08/turn              (no ring)

@: no status effects
A: claws 1, foul stench 1
a: no special abilities


You were on level 2 of the Dungeon.
You visited 1 branch of the dungeon, and saw 2 of its levels.

You collected 4 gold pieces.

Inventory:

Hand Weapons
 a - a +0 flail (weapon)
Armour
 b - a +0 scale mail (worn)
 c - a +0 kite shield (worn)
Potions
 d - 3 potions of might
 e - 2 potions of degeneration {unknown}
 f - a potion of haste {unknown}
 g - a potion of ambrosia {unknown}


   Skills:
 - Level 3.0 Fighting
 + Level 3.2 Maces & Flails
 - Level 2.6 Armour
 - Level 2.6 Shields


You had 2 spell levels left.
You didn't know any spells.
Your spell library was empty.

Dungeon Overview and Level Annotations

Branches:
Dungeon (2/15)

Altars:


Innate Abilities, Weirdness & Mutations

You have sharp fingernails.
You may rarely emit foul miasma when damaged in melee.


Message History

You sock the jackal!
You kill the jackal!
You block the jackal's attack.
You closely miss the jackal.
The jackal bites you but does no damage. x2
You hit the jackal.
The jackal is heavily wounded.
The jackal bites you but does no damage.
The jackal bites you.
You are too injured to fight recklessly!
You are too injured to fight recklessly!
You are too injured to fight recklessly!
You are too injured to fight recklessly!
You barely miss the jackal.
The jackal is heavily wounded.
The jackal bites you but does no damage. x2
You barely miss the jackal.
The jackal is heavily wounded.
The jackal bites you but does no damage.
You completely miss the phantom. You block the phantom's attack.
You closely miss the phantom. The phantom hits you.
The phantom hits you but does no damage.
You hit the phantom.
The phantom is lightly damaged.
The phantom hits you.
* * * LOW HITPOINT WARNING * * *
The phantom blinks!
You blink.
You hit the phantom.
The phantom is moderately damaged.
The jackal barely misses you.
The frilled lizard bites you but does no damage.
You block the phantom's attack. You block the jackal's attack.
The jackal bites you.
* * * LOW HITPOINT WARNING * * *
The frilled lizard bites you but does no damage.
The jackal barely misses you. You block the phantom's attack.
The jackal closely misses you. The jackal bites you.
* * * LOW HITPOINT WARNING * * *
You block the jackal's attack. The jackal bites you.
You die...

.........#####.....
.................#
..
........†........#
..
......)..........# .
########.h.......#.#
#####.....#.#
#.......# #....!###
#...h@# #...hW#
############..l.h#
................##
#################


You could see a phantom, 3 jackals and a frilled lizard.

Vanquished Creatures
  A dart slug (D:1)
  4 ball pythons
  3 bats (D:1)
  2 endoplasms (D:1)
  2 hobgoblins (D:1)
  5 jackals
  2 kobolds (D:1)
  A quokka (D:1)
  A frilled lizard (D:1)
  3 goblins
  2 rats (D:1)
26 creatures vanquished.

Notes
Turn   | Place    | Note
-------+----------+-------------------------------------------
     0 | D:1      | Araneus the Demonspawn Fighter began the quest for the Orb.
     0 | D:1      | Reached XP level 1. HP: 18/18 MP: 1/1
   188 | D:1      | Gained mutation: You may rarely emit foul miasma when
                  | damaged in melee. [demonic ancestry]
   188 | D:1      | Reached XP level 2. HP: 16/24 MP: 2/2
   976 | D:1      | Found a faded altar of an unknown god.
  1116 | D:2      | Noticed a phantom
  1121 | D:2      | Gained mutation: You have sharp fingernails. [demonic
                  | ancestry]
  1121 | D:2      | Reached XP level 3. HP: 22/29 MP: 3/3
  1150 | D:2      | Slain by a jackal

Illustrated notes

Levels and vault maps discovered:
D:1:      minmay_arrival_split_and_join, layout_rooms,
          dilly_ecumenical_altar_fadedgnrine
D:2:      layout_basic, serial_shops, nicolae_shop_overgrown_old_shop,
          uniq_terence

Skill      XL: |  1  2 |
---------------+-------+-----
Maces & Flails | 2 3 |  3.2
Fighting       | |  3.0
Armour         | |  2.6
Shields        | |  2.6

Action                   || total
-------------------------++-------
Melee: Flail             ||    84
 Stab: Sleeping          ||     1
Armor: Scale mail        ||    65
Dodge: Dodged            ||    27
Block: Kite shield       ||    48
